 Dungeon Crawl Stone Soup version 0.31.0-11-ge490571c62 (webtiles) character file.

Game seed: 3278294274196901243

571 qw the Skirmisher (level 7, -13/40 HPs)
             Began as a Deep Elf Hunter on Feb 4, 2024.
             Was a Follower of Okawaru.
             Mangled by an ogre
             ... wielding a +0 giant club
              (15 damage)
             ... on level 5 of the Dungeon.
             The game lasted 00:00:27 (4273 turns).

qw the Skirmisher (Deep Elf Hunter)                 Turns: 4273, Time: 00:00:27

Health: -13/40     AC: 12    Str: 10    XL:     7   Next: 12%
Magic:  10/10      EV: 11    Int: 14    God:    Okawaru [*.....]
Gold:   225        SH:  5    Dex: 18    Spells: 6/6 levels left

rFire   . . .        a - +2 shortbow
rCold   + . .        (shield currently unavailable)
rNeg    . . .        o - +5 ring mail of Action {rC+ rCorr}
rPois   .            h - +0 helmet
rElec   .            (no cloak)
rCorr   +            m - +0 pair of gloves
SInv    .            (no boots)
Will    .....        g - amulet of reflection
Stlth   +            (no ring)
HPRegen 0.26/turn    (no ring)
MPRegen 0.12/turn

%: reflection
@: about to teleport
A: no striking features
a: Renounce Religion, Heroism


You were on level 5 of the Dungeon.
You worshipped Okawaru.
Okawaru was aware of your devotion.
You visited 2 branches of the dungeon, and saw 6 of its levels.

You collected 225 gold pieces.


   Skills:
 - Level 2.0 Fighting
 + Level 10.3 Ranged Weapons
 - Level 1.0 Armour
 - Level 3.2 Dodging
 - Level 1.2 Stealth
 + Level 1.8 Invocations


You had 6 spell levels left.
You didn't know any spells.
Your spell library was empty.

Inventory:

Hand Weapons
 a - a +2 shortbow (weapon)
Armour
 h - a +0 helmet (worn)
 m - a +0 pair of gloves (worn)
 o - the +5 ring mail of Action (worn) {rC+ rCorr}
   (You found it on level 3 of the Dungeon)

   rC+:       It protects you from cold.
   rCorr:     It protects you from acid and corrosion.
Jewellery
 g - an amulet of reflection (around neck)
Scrolls
 j - a scroll of teleportation
 k - a scroll of identify
Potions
 b - a potion of haste {unknown}
 c - a potion of cancellation {unknown}
 d - a potion of might
 e - 3 potions of curing
 f - a potion of enlightenment {unknown}
 i - a potion of attraction {unknown}

Dungeon Overview and Level Annotations

Branches:
Dungeon (5/15)             Temple (1/1) D:4

Altars:
Cheibriados
Dithmenos
Fedhas
Gozag
Hepliaklqana
Kikubaaqudgha
Makhleb
Okawaru
Qazlal
Ru
Sif Muna
Uskayaw
Vehumet
Wu Jian
Xom
Yredelemnul
The Shining One

Annotations:
D:4 1 runed translucent door, Crazy Yiuf


Message History

You feel sick. The orc warrior closely misses you.
A hound comes into view.
You shoot an arrow. The hound barks!
The arrow hits the orc.
The orc is severely wounded.
You feel sick. The orc warrior barely misses you. You block the orc's attack.
You shoot an arrow.
The arrow hits the orc but does no damage.
The orc is severely wounded.
You feel sick.
You are no longer poisoned.
The orc barely misses you.
The orc warrior hits you from afar with a +0 halberd.
You shoot an arrow. The arrow hits the orc.
The orc is almost dead.
The orc warrior hits you from afar with a +0 halberd!
The ogre hits you with a +0 giant club! The orc hits you with a +0 flail.
An orc comes into view. It is wielding a +0 club.
4270 ||| READING 2 scrolls of teleportation.
As you read the scroll of teleportation, it crumbles to dust.
You feel strangely unstable. The orc closely misses you.
You block the orc warrior's attack. The ogre hits you but does no damage.
You shoot an arrow. The arrow hits the orc.
You kill the orc!
Okawaru accepts your kill. The orc warrior barely misses you.
The hound bites you but does no damage.
4272 ||| RETREEEEATING.
You shoot an arrow. The arrow hits the orc!
You kill the orc!
Okawaru accepts your kill. The hound bites you but does no damage.
You block the ogre's attack.
The orc warrior hits you from afar with a +0 halberd.
The hound bites you but does no damage.
4273 ||| RETREEEEATING.
You shoot an arrow. The arrow hits the orc priest.
The orc priest is lightly wounded.
The orc warrior hits you but does no damage.
You block the orc priest's attack. The hound bites you but does no damage.
The ogre hits you with a +0 giant club!
You die...

.. . .. . # .##
.#### .# ### ..#
...###.### ..#
#.# #.........
#.###.#
#.........
#<....####
#.hOo.....
####.....#####
#@#
###.#.....###o###
#.#####%...oo.#.
#.# ##.........#
#.# #..........#
#..
#........>...<
##.
#...........s. .
#..........###
#............


You could see an orc warrior, an ogre, a hound, an orc priest and 2 orcs.

Vanquished Creatures
  Eustachio (D:4)
  A scorpion (D:5)
  2 bombardier beetles
  A hound (D:5)
  An orc wizard (D:4)
  Robin (D:4)
  8 gnolls
  7 adders
  3 dart slugs
  4 ribbon worms
  7 orcs
  7 endoplasms
  6 giant cockroaches
  7 goblins
  6 hobgoblins
  4 jackals (D:4)
  5 kobolds
  4 quokkas (D:1)
  6 ball pythons
  6 bats
  5 frilled lizards
  8 rats
100 creatures vanquished.

Notes
Turn   | Place    | Note
-------+----------+-------------------------------------------
     0 | D:1      | qw the Deep Elf Hunter began the quest for the Orb.
     0 | D:1      | Reached XP level 1. HP: 12/12 MP: 3/3
     0 | D:1      | 0 ||| qw: Version: 0.3-a-160-g6735b56
     0 | D:1      | 0 ||| qw: Game counter: 5159
     0 | D:1      | 0 ||| qw: Melee chars always use a shield: true
     0 | D:1      | 0 ||| qw: God list: Okawaru
     0 | D:1      | 0 ||| qw: Allow faded altars: false
     0 | D:1      | 0 ||| qw: Do Orc after clearing Dungeon:15 true
     0 | D:1      | 0 ||| qw: Do second Lair branch before Depths: true
     0 | D:1      | 0 ||| qw: Lair rune preference: random
     0 | D:1      | 0 ||| qw: Goals: Normal
     0 | D:1      | 0 ||| PLANNING D:1-11
   254 | D:1      | Reached XP level 2. HP: 16/16 MP: 4/4
   256 | D:1      | Reached skill level 6 in Ranged Weapons
   435 | D:1      | Reached XP level 3. HP: 20/20 MP: 5/5
   744 | D:1      | 744 ||| UPGRADING to amulet of reflection.
   749 | D:1      | 749 ||| READING scroll labelled DAENLI RINA.
   750 | D:1      | 750 ||| READING 2 scrolls labelled FANGAGECEC.
   751 | D:1      | 751 ||| READING 3 scrolls labelled GAZUJITHR PESAZ.
   751 | D:1      | 751 ||| IDENTIFYING silvery potion
   752 | D:1      | 752 ||| READING 2 scrolls of identify.
   752 | D:1      | 752 ||| IDENTIFYING scroll labelled HUNUMI IQEUHE
   753 | D:1      | 753 ||| READING scroll of identify.
   753 | D:1      | 753 ||| IDENTIFYING 2 scrolls labelled FIWNO WOHOIDIE
   754 | D:1      | 754 ||| DROPPING scroll of butterflies.
   755 | D:1      | 755 ||| DROPPING potion of lignification.
   756 | D:1      | 756 ||| DROPPING scroll of poison.
   757 | D:1      | 757 ||| DROPPING 2 scrolls of revelation.
   878 | D:2      | Reached skill level 7 in Ranged Weapons
  1025 | D:2      | 1025 ||| RETREEEEATING.
  1033 | D:2      | Reached XP level 4. HP: 20/25 MP: 6/6
  1480 | D:2      | 1480 ||| READING scroll of identify.
  1480 | D:2      | 1480 ||| IDENTIFYING green potion
  1481 | D:2      | 1481 ||| READING scroll labelled BOUTTAUTZU.
  1482 | D:2      | 1482 ||| READING scroll labelled XINOKA NIUD.
  1641 | D:3      | Reached skill level 8 in Ranged Weapons
  2055 | D:3      | Reached XP level 5. HP: 29/29 MP: 7/7
  2203 | D:3      | Identified the +5 ring mail of Action {rC+ rCorr}
  2254 | D:3      | 2254 ||| UPGRADING to +0 scale mail.
  2264 | D:3      | 2264 ||| DROPPING +0 leather armour.
  2265 | D:3      | 2265 ||| UPGRADING to +0 pair of gloves.
  2270 | D:3      | 2270 ||| UPGRADING to +5 ring mail of Action {rC+ rCorr}.
  2280 | D:3      | 2280 ||| DROPPING +0 scale mail.
  2281 | D:3      | 2281 ||| READING scroll of identify.
  2281 | D:3      | 2281 ||| IDENTIFYING fuming golden potion
  2282 | D:3      | 2282 ||| READING scroll labelled SOETA JOKUPUKK.
  2282 | D:3      | 2282 ||| ENCHANTING +0 shortbow.
  2283 | D:3      | 2283 ||| READING scroll labelled TOSSAE KASYU.
  2284 | D:3      | 2284 ||| READING scroll labelled DESKITZ NUPID.
  2385 | D:3      | 2385 ||| READING scroll labelled QUMESHA ORCHIE.
  2475 | D:4      | 2475 ||| PLANNING OSSUARY
  2694 | D:4      | Reached skill level 9 in Ranged Weapons
  2712 | D:4      | Found a staircase to the Ecumenical Temple.
  2727 | D:4      | Noticed Robin
  2744 | D:4      | Killed Robin
  2758 | D:4      | 2758 ||| FLEEEEING.
  2759 | D:4      | 2759 ||| FLEEEEING.
  2760 | D:4      | 2760 ||| FLEEEEING.
  2761 | D:4      | 2761 ||| FLEEEEING.
  2773 | D:4      | 2773 ||| FLEEEEING.
  3152 | D:4      | 3152 ||| RIP OSSUARY
  3164 | D:4      | 3164 ||| PLANNING TEMPLE
  3170 | D:4      | 3170 ||| UPGRADING to +0 helmet.
  3175 | D:4      | 3175 ||| READING scroll of identify.
  3175 | D:4      | 3175 ||| IDENTIFYING viscous sapphire potion
  3176 | D:4      | 3176 ||| READING scroll labelled ZYEPIRE LESH.
  3177 | D:4      | 3177 ||| DROPPING potion of invisibility.
  3253 | Temple   | Entered the Ecumenical Temple
  3254 | Temple   | 3254 ||| PLANNING OKAWARU WORSHIP
  3264 | Temple   | Became a worshipper of Warmaster Okawaru
  3265 | Temple   | 3265 ||| PLANNING D:1-11
  3327 | D:4      | Reached XP level 6. HP: 35/35 MP: 8/8
  3331 | D:4      | Noticed Eustachio
  3335 | D:4      | 3335 ||| RETREEEEATING.
  3337 | D:4      | 3337 ||| RETREEEEATING.
  3338 | D:4      | 3338 ||| RETREEEEATING.
  3339 | D:4      | 3339 ||| RETREEEEATING.
  3340 | D:4      | 3340 ||| RETREEEEATING.
  3341 | D:4      | 3341 ||| RETREEEEATING.
  3342 | D:4      | 3342 ||| RETREEEEATING.
  3358 | D:4      | Reached skill level 1 in Armour
  3363 | D:4      | 3363 ||| RETREEEEATING.
  3364 | D:4      | 3364 ||| RETREEEEATING.
  3365 | D:4      | 3365 ||| RETREEEEATING.
  3366 | D:4      | 3366 ||| RETREEEEATING.
  3367 | D:4      | 3367 ||| RETREEEEATING.
  3368 | D:4      | 3368 ||| RETREEEEATING.
  3369 | D:4      | 3369 ||| RETREEEEATING.
  3370 | D:4      | 3370 ||| RETREEEEATING.
  3371 | D:4      | 3371 ||| RETREEEEATING.
  3372 | D:4      | 3372 ||| RETREEEEATING.
  3373 | D:4      | 3373 ||| RETREEEEATING.
  3378 | D:4      | 3378 ||| RETREEEEATING.
  3379 | D:4      | 3379 ||| RETREEEEATING.
  3380 | D:4      | 3380 ||| RETREEEEATING.
  3389 | D:4      | HP: 7/35 [river rat[Eustachio] (7)]
  3390 | D:4      | 3390 ||| READING 2 scrolls of teleportation.
  3578 | D:4      | Found a runed translucent door.
  3579 | D:4      | Noticed Crazy Yiuf
  3687 | D:4      | 3687 ||| RETREEEEATING.
  3715 | D:4      | Killed Eustachio
  3715 | D:4      | Reached * piety under Okawaru
  3716 | D:4      | Reached skill level 10 in Ranged Weapons
  3754 | D:4      | 3754 ||| DROPPING +2 antimagic sling.
  3821 | D:4      | 3821 ||| READING scroll of enchant weapon.
  3821 | D:4      | 3821 ||| ENCHANTING +1 shortbow.
  4202 | D:5      | Entered Level 5 of the Dungeon
  4220 | D:5      | Reached skill level 1 in Invocations
  4229 | D:5      | Reached skill level 3 in Dodging
  4229 | D:5      | Reached XP level 7. HP: 40/40 MP: 8/10
  4263 | D:5      | 4263 ||| RETREEEEATING.
  4264 | D:5      | 4264 ||| RETREEEEATING.
  4269 | D:5      | HP: 4/40 [ogre/+0 giant club (15)]
  4270 | D:5      | 4270 ||| READING 2 scrolls of teleportation.
  4272 | D:5      | 4272 ||| RETREEEEATING.
  4273 | D:5      | 4273 ||| RETREEEEATING.
  4273 | D:5      | Mangled by an ogre

Levels and vault maps discovered:
D:1:      psy_arrival_radial02, layout_basic, serial_bayou,
          serial_bayou_crossing, serial_bayou_ford_a, serial_bayou_pond_d,
          serial_bayou_pond_a, serial_bayou_shore_a
D:2:      layout_loops_ring
D:3:      layout_loops_ring
D:4:      mumra_celtic_spiral_tile, layout_loops_corners,
          minmay_temple_entry_statues_fountains, enter_ossuary_3,
          uniq_crazy_yiuf_cottage, uniq_robin, uniq_eustachio
D:5:      layout_rooms, minmay_bent
Temple:   nicolae_temple_bog_church

Skill      XL: |  1  2  3  4  5  6 |
---------------+-------------------+-----
Ranged Weapons | 6 7 8 9 10 | 10.3
Fighting       | 2 |  2.0
Armour         | 1 |  1.0
Invocations    | 1 |  1.8
Dodging        | 3 |  3.2
Stealth        | |  1.2

Action                     |  1- 3 |  4- 6 |  7- 9 || total
---------------------------+-------+-------+-------++-------
   Fire: Shortbow          |   110 |   288 |    16 ||   414
    Use: Scroll            |     5 |    12 |     1 ||    18
 Armour: Leather armour    |     8 |    12 |       ||    20
         Ring mail         |       |   136 |    16 ||   152
  Dodge: Dodged            |    11 |   137 |    12 ||   160
  Block: Other             |     2 |    49 |     4 ||    55

Table legend:
 A = Non-vault XP
 B = Vault XP
 C = Vault XP percentage of total XP
 D = Non-vault monster count
 E = Vault monster count
 F = Vault count percentage of total count
                 A         B        C        D         E       F
            +---------+---------+-------+---------+---------+-------
      Total |     490 |     327 |  40.0 |      88 |      12 |  12.0
            +---------+---------+-------+---------+---------+-------
        D:1 |      58 |       0 |   0.0 |      29 |       0 |   0.0
        D:2 |      88 |       0 |   0.0 |      21 |       0 |   0.0
        D:3 |     119 |       0 |   0.0 |      15 |       0 |   0.0
        D:4 |     177 |     225 |  56.0 |      20 |       9 |  31.0
        D:5 |      48 |     102 |  68.0 |       3 |       3 |  50.0
            +---------+---------+-------+---------+---------+-------
